 Dungeon Crawl Stone Soup version 0.15.1-3-g1b33baa (webtiles) character file.

1598 CrazyArbalest the Cutter (level 9, -1/59 HPs)
             Began as a Halfling Fighter on Oct 10, 2014.
             Was an Initiate of Makhleb.
             Slain by an unseen horror (9 damage)
             ... on Level 7 of the Dungeon.
             The game lasted 01:00:45 (10843 turns).

CrazyArbalest the Cutter (Halfling Fighter)        Turns: 10843, Time: 01:00:45

HP  -1/59        AC 10     Str 16      XL: 9   Next: 15%
MP  10/10        EV 10     Int  7      God: Makhleb [......]
Gold 62          SH  7     Dex 20      Spells:  0 memorised,  8 levels left

rFire  . . .     SeeInvis .     a - +0 cutlass
rCold  . . .     Clarity  .     b - +0 scale mail
rNeg   . . .     rCorr    .     c - +0 buckler
rPois  .         rRot     .     (no helmet)
rElec  .         Spirit   .     (no cloak)
SustAb .         Warding  .     z - +0 pair of gloves
rMut   .         Stasis   .     M - +0 pair of boots
Gourm  .                        (no amulet)
MR     .....                    (no ring)
                                A - +3 ring of dexterity

@: not resistant to hostile enchantments, very unstealthy
A: mutation resistance 1
a: Renounce Religion


You were on level 7 of the Dungeon.
You worshipped Makhleb.
Makhleb was noncommittal.
You were not hungry.

You visited 2 branches of the dungeon, and saw 8 of its levels.

You collected 422 gold pieces.
You spent 360 gold pieces at shops.

Inventory:

Hand weapons
 a - a +0 cutlass (weapon)
Missiles
 i - 136 stones (quivered)
 G - 31 sling bullets
Armour
 b - a +0 scale mail (worn)
 c - a +0 buckler (worn)
 h - a +0 leather armour
 z - a +0 pair of gloves (worn)
 D - a +0 leather armour of fire resistance
 M - a +0 pair of boots (worn)
Magical devices
 t - a wand of frost (0)
 x - a wand of enslavement (4)
Comestibles
 d - 4 bread rations
 L - a beef jerky
Scrolls
 g - 2 scrolls of recharging
 k - 3 scrolls of amnesia
 l - 3 scrolls of remove curse
 m - a scroll of enchant armour
 s - 3 scrolls of enchant weapon
 y - a scroll of random uselessness
 E - a scroll of holy word
 H - 3 scrolls of immolation
 N - a scroll of fog {unknown}
Jewellery
 A - a +3 ring of dexterity (left hand)
Potions
 e - a potion of might
 f - a potion of confusion
 j - a potion of invisibility {unknown}
 n - a potion of brilliance {unknown}
 p - 2 potions of agility
 q - a potion of resistance {unknown}
 r - a potion of degeneration {unknown}
 u - 2 potions of beneficial mutation {unknown}
 w - 2 potions of flight {unknown}
 B - 2 potions of poison {unknown}
 C - a potion of curing
 F - 2 potions of restore abilities {unknown}
 I - 2 potions of haste {unknown}
Books
 o - a book of Necromancy

   Spells                             Type                      Level
   Pain                               Necromancy                   1
   Animate Skeleton                   Necromancy                   1
   Vampiric Draining                  Necromancy                   3
   Regeneration                       Charms/Necromancy            3
   Animate Dead                       Necromancy                   4
   Control Undead                     Necromancy                   4


   Skills:
 + Level 4.6 Fighting
 + Level 6.8 Short Blades
 + Level 6.3 Armour
 + Level 5.7 Dodging
 + Level 1.5 Stealth
 + Level 5.9 Shields
 + Level 0.9 Evocations


You had 8 spell levels left.
You didn't know any spells.

Dungeon Overview and Level Annotations

Branches:
Dungeon (7/15)             Temple (1/1) D:7

Altars:
Ashenzari
Cheibriados
Makhleb
Nemelex Xobeh
Sif Muna
Trog
Vehumet
Yredelemnul
The Shining One

Shops:
D:5 (:*%   D:6 *   D:7 !

Annotations:
D:7 Pikel


Innate Abilities, Weirdness & Mutations

You are small and have problems with some larger weapons.
You are somewhat resistant to further mutation.


Message History

The unseen horror is no longer charmed.
You can no longer detect the unseen horror.
Deactivating autopickup; reactivate with Ctrl-A.
Something hits you.
* * * LOW HITPOINT WARNING * * *
Evoke which item? (* to show all) (? for menu, Esc to quit)
Zapping:
x - a wand of enslavement {zapped: 3}
Press: ? - help, Shift-Dir - straight line, f - Pikel
Aim: Pikel, wielding a glowing whip and wearing a robe (moderately wounded) Nothing appears to happen.
Something hits you but does no damage. Something hits you but does no damage.
A slave comes into view.
Evoke which item? (* to show all) (? for menu, Esc to quit)
Zapping:
x - a wand of enslavement {zapped: 4}
Press: ? - help, Shift-Dir - straight line, f/p - Pikel
Aim: Pikel, wielding a glowing whip and wearing a robe (moderately wounded) Nothing appears to happen.
Something hits you.
* * * LOW HITPOINT WARNING * * *
Something hits you!
You die...

#..........#.#.#
#..........#p###
#..........#>#
#).........#.#
#..........#.#
#..........#p#
#..........#K#
#..........#.#
#########..#@#
############'#'####
#.................#
##.................#
#..................#
#.#######..........#
#.# ###..........#
#.# #............#
##.###
#.#..........#


You could see Pikel and 2 slaves.

Vanquished Creatures
  An orc warrior (D:6)
  A black bear (D:6)
  2 ice beasts
  An ogre (D:6)
  A sky beast (D:6)
  2 giant frogs (D:6)
  2 worker ants
  4 crimson imps
  A goliath beetle (D:7)
  An orc priest (D:6)
  2 orc wizards
  2 giant frog skeletons
  4 hounds
  3 iguanas
  A hound zombie (D:6)
  2 worker ant zombies
  9 adders
  A goliath beetle zombie (D:6)
  4 worms
  An iguana skeleton (D:4)
  7 giant geckos
  23 orcs
  5 ball pythons
  14 bats
  3 bat skeletons
  A bat zombie (D:5)
  6 giant cockroaches
  13 goblins
  16 hobgoblins
  11 jackals
  13 kobolds
  6 giant newts
  2 goblin skeletons (D:4)
  5 hobgoblin zombies (D:4)
  3 kobold skeletons (D:4)
  An orc skeleton (D:4)
  3 orc zombies
  4 quokkas
  13 rats
  A rat zombie (D:4)
195 creatures vanquished.

Vanquished Creatures (collateral kills)
  An orc priest (D:5)
  An orc wizard (D:5)
  An orc zombie (D:5)
  An orc (D:5)
  A quokka (D:7)
  A bat (D:5)
6 creatures vanquished.

Grand Total: 201 creatures vanquished

Notes
Turn   | Place    | Note
--------------------------------------------------------------
     0 | D:1      | CrazyArbalest, the Halfling Fighter, began the quest for the Orb.
     0 | D:1      | Reached XP level 1. HP: 15/15 MP: 1/1
    84 | D:1      | Reached XP level 2. HP: 17/20 MP: 2/2
   300 | D:1      | Reached skill level 1 in Dodging
   356 | D:1      | Reached XP level 3. HP: 25/25 MP: 3/3
  1351 | D:2      | Reached XP level 4. HP: 30/30 MP: 4/4
  1676 | D:2      | Found a radiant altar of Vehumet.
  2023 | D:2      | Reached skill level 4 in Armour
  2040 | D:2      | Found a deep blue altar of Sif Muna.
  2639 | D:3      | Reached XP level 5. HP: 32/36 MP: 5/5
  3423 | D:4      | Noticed an ogre
  4188 | D:4      | Reached XP level 6. HP: 31/42 MP: 6/6
  4435 | D:4      | Found a glowing golden altar of the Shining One.
  5250 | D:5      | Entered Level 5 of the Dungeon
  5295 | D:5      | Found Gheapt's Book Boutique.
  5311 | D:5      | Found Xaekesk's Assorted Antiques.
  5315 | D:5      | Bought a smoky white potion for 17 gold pieces
  5315 | D:5      | Bought a metallic orange potion for 17 gold pieces
  5315 | D:5      | Bought a scroll labeled FOOZXUX ALERR for 19 gold pieces
  5315 | D:5      | Bought a metallic silvery potion for 17 gold pieces
  5315 | D:5      | Bought a smoky white potion for 17 gold pieces
  5315 | D:5      | Bought a scroll labeled CIASUSYFAY for 19 gold pieces
  5315 | D:5      | Bought an inky potion for 17 gold pieces
  5932 | D:5      | Found Lusch's Weapon Boutique.
  5997 | D:5      | Found a basalt altar of Yredelemnul.
  6024 | D:5      | Reached XP level 7. HP: 43/46 MP: 7/7
  6374 | D:5      | Found Plog's Food Emporium.
  6558 | D:5      | Reached skill level 5 in Shields
  6733 | D:5      | Reached skill level 5 in Armour
  7032 | D:6      | Reached skill level 1 in Stealth
  7119 | D:6      | Reached XP level 8. HP: 36/52 MP: 8/8
  7391 | D:6      | Found Shauc's Assorted Antiques.
  7432 | D:6      | Bought a scroll labeled JACOPE TILINU for 29 gold pieces
  7432 | D:6      | Bought an inky potion for 26 gold pieces
  7432 | D:6      | Bought a scroll labeled CIASUSYFAY for 29 gold pieces
  7432 | D:6      | Bought a scroll of identify for 58 gold pieces
  7432 | D:6      | Bought a scroll labeled KLUITI DUIHO for 29 gold pieces
  8089 | D:6      | Found a snail-covered altar of Cheibriados.
  8122 | D:6      | Reached skill level 5 in Short Blades
  9129 | D:6      | Reached skill level 5 in Dodging
  9254 | D:6      | Reached skill level 6 in Armour
  9566 | D:7      | Found Imuri's Distillery.
  9949 | D:7      | Bought a potion of heal wounds for 33 gold pieces
  9949 | D:7      | Bought a potion of confusion for 11 gold pieces
  9949 | D:7      | Bought a potion of curing for 22 gold pieces
 10248 | D:6      | Reached XP level 9. HP: 30/58 MP: 10/10
 10450 | D:7      | Noticed Pikel
 10494 | D:7      | HP: 1/59 [something/puff of flame (14)]
 10749 | D:7      | Found a staircase to the Ecumenical Temple.
 10754 | Temple   | Entered the Ecumenical Temple
 10763 | Temple   | Became a worshipper of Makhleb the Destroyer
 10827 | D:7      | Noticed an unseen horror
 10843 | D:7      | Slain by an unseen horror

Action                   |  1- 3 |  4- 6 |  7- 9 || total
-------------------------+-------+-------+-------++-------
Melee: Cutlass           |   127 |   441 |   715 ||  1283
Throw: Stone             |       |       |     3 ||     3
Evoke: Wand              |       |     1 |    19 ||    20
  Use: Potion            |       |     3 |     3 ||     6
       Scroll            |       |       |    12 ||    12
  Eat: Chunk             |     1 |    14 |    15 ||    30
       Beef jerky        |       |     1 |     1 ||     2
